 Dungeon Crawl Stone Soup version 0.27.0-1-g7a089689b8 (webtiles) character file.

Game seed: 1384267067092425387

4348 Suckerboh the Basher (level 10, -7/84 HPs)
             Began as a Minotaur Fighter on Aug 15, 2021.
             Was a Believer of Kikubaaqudgha.
             Mangled by a very large slime creature (59 damage)
             ... on level 8 of the Dungeon.
             The game lasted 00:08:53 (7411 turns).

Suckerboh the Basher (Minotaur Fighter)             Turns: 7411, Time: 00:08:53

Health: -7/84      AC: 12    Str: 24    XL:     10   Next: 12%
Magic:  9/9        EV: 10    Int:  5    God:    Kikubaaqudgha [**....]
Gold:   174        SH: 16    Dex: 10    Spells: 9/9 levels left

rFire    . . .     SeeInvis .   a - +3 whip (elec)
rCold    . . .     Faith    .   c - +0 kite shield
rNeg     + . .     Spirit   .   b - +0 scale mail
rPois    .         Reflect  +   (helmet restricted)
rElec    .         Harm     .   e - +1 cloak {rCorr}
rCorr    +         Rampage  +   (no gloves)
Will     +....                  C - +1 pair of boots {rampage}
Stlth    ..........             B - amulet of reflection
HPRegen  0.24/turn              y - ring of positive energy
MPRegen  0.11/turn              E - ring of willpower

@: no status effects
A: horns 2, retaliatory headbutt
a: Renounce Religion, Receive Corpses


You were on level 8 of the Dungeon.
You worshipped Kikubaaqudgha.
Kikubaaqudgha was pleased with you.
You visited 2 branches of the dungeon, and saw 9 of its levels.

You collected 355 gold pieces.
You spent 181 gold pieces at shops.

Inventory:

Hand Weapons
 a - a +3 whip of electrocution (weapon)
 x - a +0 flail
 z - a +0 morningstar
Missiles
 g - 3 throwing nets (quivered)
Armour
 b - a +0 scale mail (worn)
 c - a +0 kite shield (worn)
 e - a +1 cloak of preservation (worn)
 C - a +1 pair of boots of rampaging (worn)
Jewellery
 y - a ring of positive energy (left hand)
 A - a ring of wizardry
 B - an amulet of reflection (around neck)
 E - a ring of willpower (right hand)
Wands
 n - a wand of iceblast (7)
 s - a wand of flame (31)
 D - a wand of paralysis (8)
Scrolls
 h - 2 scrolls of fog {unknown}
 j - a scroll of summoning {unknown}
 k - a scroll of amnesia {unknown}
 l - 4 scrolls of identify {unknown}
 m - a scroll of silence {unknown}
 q - 7 scrolls of teleportation {unknown}
 r - a scroll of holy word {unknown}
 u - 4 scrolls of magic mapping {unknown}
 w - a scroll of enchant armour {unknown}
 F - a scroll of blinking {unknown}
Potions
 d - 4 potions of might
 f - 3 potions of curing {unknown}
 i - a potion of resistance {unknown}
 o - a potion of mutation {unknown}
 p - a potion of ambrosia {unknown}
 t - 2 potions of degeneration {unknown}
 v - 2 potions of flight {unknown}


   Skills:
 + Level 6.8 Fighting
 * Level 12.2 Maces & Flails
 + Level 8.1 Armour
 + Level 3.9 Dodging
 + Level 8.2 Shields


You had 9 spell levels left.
You didn't know any spells.
Your spell library contained the following spells:

 Spells                   Type           Power      Damage    Failure   Level
 Animate Skeleton         Necr           0%         N/A       95%         1
 Pain                     Necr           0%         1d4       95%         1
 Blink                    Tloc           N/A        N/A       99%         2
 Corpse Rot               Necr/Air       N/A        N/A       99%         2
 Passwall                 Tmut/Erth      0%         N/A       99%         2
 Sublimation of Blood     Necr           0%         N/A       99%         2
 Dazzling Flash           Conj/Hex       0%         N/A       100%        3
 Gell's Gravitas          Tloc           0%         N/A       100%        3
 Lesser Beckoning         Tloc           0%         N/A       100%        3
 Portal Projectile        Hex/Tloc       0%         N/A       100%        3
 Swiftness                Air            0%         N/A       100%        3
 Teleport Other           Tloc           0%         N/A       100%        3
 Vampiric Draining        Necr           0%         2d6       100%        3
 Agony                    Necr           0%         N/A       100%        5
 Blade Hands              Tmut           0%         N/A       100%        5
 Excruciating Wounds      Necr           0%         N/A       100%        5
 Manifold Assault         Tloc           0%         N/A       100%        5
 Silence                  Hex/Air        0%         N/A       100%        5
 Invisibility             Hex            0%         N/A       100%        6
 Storm Form               Tmut/Air       0%         N/A       100%        7


Dungeon Overview and Level Annotations

Branches:
Dungeon (8/15)             Temple (1/1) D:6
   Lair: D:8-11

Altars:
Ashenzari
Cheibriados
Dithmenos
Elyvilon
Fedhas
Hepliaklqana
Kikubaaqudgha
Nemelex Xobeh
Okawaru
Qazlal
Ru
Sif Muna
Trog
Uskayaw
Vehumet
Wu Jian
Xom
Yredelemnul
Zin
The Shining One

Shops:
D:4 *   D:6 [   D:8 *:

Annotations:
D:5 2 transporters, Millie's ghost, novice MiFi
D:7 1 runed translucent door


Innate Abilities, Weirdness & Mutations

You have a pair of horns on your head.
You reflexively headbutt those who attack you in melee.


Message History

You hit the slime creature but do no damage.
The slime creature is lightly wounded.
The slime creature hits you but does no damage.
Two slime creatures merge to form a large slime creature.
Two slime creatures merge to form a very large slime creature.
You hit the very large slime creature.
The very large slime creature is lightly wounded.
You whack the very large slime creature!
Lightning courses through the very large slime creature!
You headbutt the very large slime creature.
The very large slime creature is moderately wounded.
The very large slime creature closely misses you.
You hit the very large slime creature.
The very large slime creature is moderately wounded.
The very large slime creature barely misses you.
You hit the very large slime creature.
Your headbutt misses the very large slime creature.
The very large slime creature is moderately wounded.
You hit the very large slime creature.
The very large slime creature is moderately wounded.
The very large slime creature closely misses you.
You furiously retaliate!
You headbutt the very large slime creature, but do no damage.
You whack the very large slime creature!
Lightning courses through the very large slime creature!!
The very large slime creature is heavily wounded.
The very large slime creature hits you!!
You whack the very large slime creature!
Lightning courses through the very large slime creature!
The very large slime creature is heavily wounded.
You whack the very large slime creature!
Your headbutt misses the very large slime creature.
The very large slime creature is heavily wounded.
You block the very large slime creature's attack.
You hit the very large slime creature.
The very large slime creature is heavily wounded.
The very large slime creature hits you!!!
Ouch! That really hurt!
You die...
Kikubaaqudgha rasps: "You have failed me!
Welcome... death!"

### #.. #.. #.. #..
#.. #.. #.J## +..
#..@####### #..
####......# #..
#∩.....# +..
##......########..
+..................
##########.........
+............####.#
######.(...........
#.#####.####'#


You could see a very large slime creature.

Vanquished Creatures
  Harold (D:7)
  A two-headed ogre (D:7)
  A hornet (D:8)
  A slime creature (D:8)
  2 water moccasins
  2 sky beasts (D:7)
  An ice beast (D:6)
  2 hornet zombies
  3 orc warriors (D:6)
  An ogre (D:7)
  A centaur (D:6)
  2 bullfrogs
  A kobold brigand (D:6)
  A scorpion (D:6)
  A wyvern zombie (D:7)
  A water moccasin skeleton (D:6)
  4 wights (D:7)
  2 howler monkeys (D:7)
  A quasit (D:6)
  A centaur skeleton (D:6)
  3 hounds
  2 jellies
  6 orc priests
  A bullfrog skeleton (D:6)
  5 iguanas (D:5)
  10 orc wizards
  8 adders
  2 white imps (D:5)
  An adder zombie (D:5)
  2 adder skeletons
  3 dart slugs
  24 orcs
  4 ball pythons
  5 endoplasms
  3 giant cockroaches
  2 goblins
  4 hobgoblins
  8 jackals
  10 kobolds
  2 quokkas
  5 bats
  3 frilled lizards
  3 goblin skeletons (D:6)
  A goblin zombie (D:6)
  A jackal skeleton (D:7)
  3 kobold skeletons (D:6)
  A kobold zombie (D:6)
  An orc skeleton (D:6)
  3 orc zombies (D:6)
  10 rats
166 creatures vanquished.

Notes
Turn   | Place    | Note
-------+----------+-------------------------------------------
     0 | D:1      | Suckerboh the Minotaur Fighter began the quest for the Orb.
     0 | D:1      | Reached XP level 1. HP: 19/19 MP: 0/0
   106 | D:1      | Reached XP level 2. HP: 25/27 MP: 1/1
   523 | D:2      | Reached skill level 3 in Maces & Flails
   575 | D:2      | Reached XP level 3. HP: 33/33 MP: 2/2
   801 | D:2      | Found a faded altar of an unknown god.
  1182 | D:3      | Reached XP level 4. HP: 38/40 MP: 3/3
  1328 | D:3      | Reached skill level 4 in Maces & Flails
  1918 | D:4      | Found an iron altar of Okawaru.
  1986 | D:4      | Found Utaet's Lightly-Used Armoury.
  2008 | D:4      | Reached skill level 1 in Dodging
  2008 | D:4      | Reached XP level 5. HP: 39/46 MP: 4/4
  2154 | D:4      | Noticed a water moccasin
  2167 | D:4      | Killed a water moccasin
  2168 | D:4      | Reached skill level 5 in Maces & Flails
  2714 | D:5      | Entered Level 5 of the Dungeon
  2757 | D:5      | Reached skill level 5 in Shields
  2757 | D:5      | Reached XP level 6. HP: 41/52 MP: 5/5
  2840 | D:5      | Found a broken altar of Ashenzari.
  2985 | D:5      | Found a transporter.
  2989 | D:5      | Found a transporter.
  2989 | D:5      | Noticed Millie's ghost (novice MiFi)
  3206 | D:5      | Reached skill level 6 in Maces & Flails
  3206 | D:5      | Reached skill level 5 in Armour
  3790 | D:5      | Reached XP level 7. HP: 34/59 MP: 6/6
  4393 | D:6      | Found Lolay's Armour Emporium.
  4622 | D:6      | Reached skill level 7 in Maces & Flails
  4705 | D:6      | Found a staircase to the Ecumenical Temple.
  4714 | Temple   | Entered the Ecumenical Temple
  4747 | Temple   | Became a worshipper of Kikubaaqudgha
  5205 | D:6      | Reached skill level 8 in Maces & Flails
  5207 | D:6      | Reached XP level 8. HP: 38/67 MP: 7/7
  5215 | D:6      | Found a glowing golden altar of the Shining One.
  5361 | D:6      | Reached * piety under Kikubaaqudgha
  5361 | D:6      | Received a gift from Kikubaaqudgha
  5398 | D:6      | Reached skill level 5 in Fighting
  5732 | D:6      | Reached skill level 9 in Maces & Flails
  5765 | D:6      | Found a shadowy altar of Dithmenos.
  5793 | D:6      | Found a shimmering blue altar of Sif Muna.
  5972 | D:6      | Bought a +1 pair of boots of rampaging for 181 gold pieces
  6282 | D:7      | Found a runed translucent door.
  6284 | D:7      | Found a basalt altar of Yredelemnul.
  6328 | D:7      | Reached skill level 10 in Maces & Flails
  6490 | D:7      | Noticed Harold
  6501 | D:7      | Killed Harold
  6502 | D:7      | Reached XP level 9. HP: 75/75 MP: 8/8
  6553 | D:7      | Reached skill level 11 in Maces & Flails
  6615 | D:7      | Noticed a two-headed ogre
  6622 | D:7      | Killed a two-headed ogre
  7156 | D:8      | Found Nogg's Book Shop.
  7188 | D:8      | Found a radiant altar of Vehumet.
  7199 | D:8      | Reached skill level 12 in Maces & Flails
  7208 | D:8      | Reached XP level 10. HP: 84/84 MP: 9/9
  7330 | D:8      | Found a white marble altar of Elyvilon.
  7348 | D:8      | Reached ** piety under Kikubaaqudgha
  7385 | D:8      | Found Onyerapu's Mass Market.
  7411 | D:8      | Mangled by a very large slime creature

Illustrated notes

Levels and vault maps discovered:
D:1:      dpeg_arrival_pond, layout_rooms, st_stairs_4,
          chequers_serial_rivers_room_a
D:2:      layout_basic, dreamdust_ecumenical_altar_sealed_demon,
          grunt_decor_junction, minmay_misc_feat_chi
D:3:      layout_basic
D:4:      layout_basic, mainiacjoe_overflow_chevrons, minmay_shop_damaged,
          kennysheep_generic_room_11
D:5:      minmay_octagon_keep, layout_gridville, nicolae_ashenzari_skybound,
          gammafunk_ghost_arena, hangedman_decor_peaks_small
D:6:      layout_basic, kennysheep_orc_sif_temple,
          nicolae_dithmenos_through_a_glass_darkly,
          nicolae_tso_besieged_by_evil, temple_statues, serial_shops,
          nicolae_inconvenience_store
D:7:      layout_rooms, dk_yredelemnul_ordeal, uniq_harold
D:8:      kennysheep_steamy, layout_basic, overflow_temple_1_default,
          vehumet_altar_wand_db, nicolae_elyvilon_peaceful_grove,
          kennysheep_another_room, minmay_shop_mass, nicolae_stop_n_shop_2
Temple:   minmay_temple_bridge_abc

Skill      XL: |  1  2  3  4  5  6  7  8  9 10 |
---------------+-------------------------------+-----
Shields        | 4 5 6 7 8 |  8.2
Armour         | 4 5 6 7 8 |  8.1
Maces & Flails | 3 4 5 6 8 10 12 | 12.2
Dodging        | 1 2 3 |  3.9
Fighting       | 4 5 6 |  6.8

Action                   |  1- 3 |  4- 6 |  7- 9 | 10-12 || total
-------------------------+-------+-------+-------+-------++-------
Melee: Flail             |   112 |   107 |       |       ||   219
       Headbutt          |     9 |    26 |    39 |     8 ||    82
       Morningstar       |       |    40 |    81 |       ||   121
       Whip              |       |       |   174 |    37 ||   211
Armor: Scale mail        |    80 |    80 |    70 |     6 ||   236
Dodge: Dodged            |    43 |    64 |    51 |     5 ||   163
Block: Kite shield       |    74 |    83 |   120 |     7 ||   284
       Reflection        |       |       |     6 |       ||     6
